 Dungeon Crawl Stone Soup version 0.26-a0-812-g31a745ddcd (webtiles) character file.

Game seed: 18132976761613580599

34 vurker the Sneak (level 3, -1/25 HPs)
             Began as a Gnoll Enchanter on Dec 3, 2020.
             Killed from afar by Robin (7 damage)
             ... with a puff of flame
             ... on level 2 of the Dungeon.
             The game lasted 00:01:29 (843 turns).

vurker the Sneak (Gnoll Enchanter)                   Turns: 843, Time: 00:01:29

Health: -1/25      AC:  2    Str: 10    XL:     3   Next: 31%
Magic:  9/9        EV: 14    Int: 18    God:
Gold:   66         SH:  0    Dex: 15    Spells: 11/12 levels left

rFire    . . .     SeeInvis .   a - +1 dagger
rCold    . . .     Faith    .   (no shield)
rNeg     . . .     Spirit   .   b - +0 robe
rPois    .         Reflect  .   (no helmet)
rElec    .         Harm     .   (no cloak)
rCorr    .         Rampage  .   (no gloves)
MR       .....                  (no boots)
Stlth    +++.......             (no amulet)
HPRegen  0.08/turn              (no ring)
MPRegen  0.11/turn              (no ring)

@: no status effects
A: distributed training, fangs 1, strong nose
a: no special abilities


You were on level 2 of the Dungeon.
You visited 1 branch of the dungeon, and saw 2 of its levels.

You collected 66 gold pieces.

Inventory:

Hand Weapons
 a - a +1 dagger (weapon)
Armour
 b - a +0 robe (worn)
Scrolls
 c - a scroll of fog
 d - 2 scrolls of fear
 g - a scroll of blinking {unknown}
 j - a scroll of enchant armour {unknown}
Potions
 e - a potion of ambrosia
 f - a potion of mutation
 i - a potion of lignification


   Skills:
 + Level 0.7 Fighting
 + Level 2.6 Short Blades
 + Level 0.7 Long Blades
 + Level 0.7 Axes
 + Level 0.7 Maces & Flails
 + Level 0.7 Polearms
 + Level 0.7 Staves
 + Level 0.7 Slings
 + Level 0.7 Bows
 + Level 0.7 Crossbows
 + Level 0.7 Throwing
 + Level 0.7 Armour
 + Level 4.5 Dodging
 + Level 6.0 Stealth
 + Level 0.7 Shields
 + Level 0.7 Unarmed Combat
 + Level 5.0 Spellcasting
 + Level 0.5 Conjurations
 + Level 5.4 Hexes
 + Level 0.5 Summonings
 + Level 0.5 Necromancy
 + Level 0.5 Translocations
 + Level 0.5 Transmutations
 + Level 0.5 Fire Magic
 + Level 0.5 Ice Magic
 + Level 0.5 Air Magic
 + Level 0.5 Earth Magic
 + Level 0.5 Poison Magic
 + Level 0.9 Invocations
 + Level 0.7 Evocations


You had 11 spell levels left.
You knew the following spells:

 Your Spells              Type           Power        Failure   Level
a - Corona                Hex            ###....      1%          1

Your spell library contained the following spells:

 Spells                   Type           Power        Failure   Level
 Confusing Touch          Hex            ###.....     4%          3
 Tukima's Dance           Hex            ###.....     4%          3
 Ensorcelled Hibernation  Hex/Ice        ###...       6%          2
 Dazzling Flash           Conj/Hex       ###...       12%         3


Dungeon Overview and Level Annotations

Branches:
Dungeon (2/15)

Altars:
Dithmenos

Annotations:
D:2 Robin


Innate Abilities, Weirdness & Mutations

Your experience applies equally to all skills.
You have very sharp teeth.
Your uncanny sense of smell can sniff out nearby items.


Message History

The goblin hits you but does no damage.
Things that are here:
a +0 dagger; a goblin corpse You barely miss the goblin.
Robin throws the goblin at you! The goblin misses you.
The goblin closely misses you.
You barely miss the goblin. The goblin barely misses you.
You hit the goblin. The goblin hits you with a +0 dagger!
You miss the goblin. The goblin hits you. The goblin misses you.
You hit the goblin.
You kill the goblin!
The goblin barely misses you.
You closely miss the goblin. The goblin hits you.
You hit the goblin.
The goblin no longer looks unusually strong.
Robin throws the goblin at you! The goblin barely misses you.
The goblin hits you with a +0 dagger.
* * * LOW HITPOINT WARNING * * *
You hit the goblin.
You kill the goblin!
Your Stealth skill increases to level 6!
The goblin no longer looks unusually strong.
Robin roars a battlecry!
The goblin goes into a battle-frenzy!
The goblin barely misses you.
The goblin no longer looks unusually strong.
Robin roars a battlecry!
The goblin goes into a battle-frenzy!
Things that are here:
a +0 dagger; a +0 dagger Robin throws the goblin at you!
Unknown command.
You hit the goblin.
You kill the goblin!
The goblin barely misses you.
The rat twitches its whiskers.
There is a stone staircase leading down here.
The goblin hits you.
* * * LOW HITPOINT WARNING * * *
You hit the goblin.
You kill the goblin!
Robin hits you with a +0 club.
* * * LOW HITPOINT WARNING * * *
You closely miss Robin. Robin closely misses you.
You closely miss Robin.
Robin zaps a wand.
The puff of flame misses you.
You hit Robin. You bite Robin, but do no damage.
Robin zaps a wand.
The puff of flame hits you!
You die...

#.#.######## ..#
.# #...........
#.# #.##
###.#######.
#######.##g..###
#.#
........g..g.r..
#.#
######)##...###
#.# #########.#
#.## #.#
#r...gr.).# .#
#.# #g#########
# #.#########@#
#........>..#
#############


You could see Robin and a rat.

Vanquished Creatures
  An adder (D:2)
  An ooze (D:1)
  A giant cockroach (D:1)
  8 goblins
  4 hobgoblins
  A kobold (D:2)
  A bat (D:1)
  A rat (D:1)
18 creatures vanquished.

Notes
Turn   | Place    | Note
-------+----------+-------------------------------------------
     0 | D:1      | vurker the Gnoll Enchanter began the quest for the Orb.
     0 | D:1      | Reached XP level 1. HP: 13/13 MP: 6/6
   169 | D:1      | Reached XP level 2. HP: 18/19 MP: 7/7
   629 | D:2      | Found a shadowy altar of Dithmenos.
   631 | D:2      | Reached XP level 3. HP: 25/25 MP: 9/9
   800 | D:2      | Noticed Robin
   809 | D:2      | Reached skill level 5 in Spellcasting
   828 | D:2      | Reached skill level 6 in Stealth
   843 | D:2      | Killed from afar by Robin

Illustrated notes

Levels and vault maps discovered:
D:1:      dpeg_arrival_rooms_c, layout_loops_cross
D:2:      layout_loops_ring, marbit_many_paths, minitemple,
          grunt_dithmenos_smoke_and_mirrors, uniq_robin

Skill      XL: |  1  2  3 |
---------------+----------+-----
Spellcasting   | 5 |  5.0
Stealth        | 6 |  6.0
Fighting       | |  0.7
Short Blades   | |  2.6
Long Blades    | |  0.7
Axes           | |  0.7
Maces & Flails | |  0.7
Polearms       | |  0.7
Staves         | |  0.7
Slings         | |  0.7
Bows           | |  0.7
Crossbows      | |  0.7
Throwing       | |  0.7
Armour         | |  0.7
Dodging        | |  4.5
Shields        | |  0.7
Unarmed Combat | |  0.7
Conjurations   | |  0.5
Hexes          | |  5.4
Summonings     | |  0.5
Necromancy     | |  0.5
Translocations | |  0.5
Transmutations | |  0.5
Fire Magic     | |  0.5
Ice Magic      | |  0.5
Air Magic      | |  0.5
Earth Magic    | |  0.5
Poison Magic   | |  0.5
Invocations    | |  0.9
Evocations     | |  0.7

Action                   || total
-------------------------++-------
Melee: Dagger            ||    59
       Bite              ||     3
  Use: Scroll            ||     7
 Stab: Sleeping          ||     6
Armor: Robe              ||     5
Dodge: Dodged            ||    35

Table legend: (Time is in decaauts)
 A = Elapsed time spent in this place.
 B = Non-inter-level travel time spent in this place.
 C = Inter-level travel time spent in this place.
 D = Time resting spent in this place.
 E = Time spent auto-exploring this place.
 F = Levels seen in this place.
 G = Mean time per level.
                   A        B        C        D        E       F      G
               +--------+--------+--------+--------+--------+-----+--------+
         Total |    835 |    791 |     44 |      0 |    624 |   2 |  417.5 |
       Dungeon |    835 |    791 |     44 |      0 |    624 |   2 |  417.5 |
               +--------+--------+--------+--------+--------+-----+--------+

Top non-repeatable levels by time:
     D:1: 612 daAuts
     D:2: 222 daAuts
